AoeStats
← THL

Arabia

507733308Analyzed
1v1 RM · 13d ago on Sep 19, 2026· 39m 31s· 2 players
Game mode
Random Map
Map size
Tiny (2 player)
Population
200
Speed
Normal
Resources
Standard
Victory
Conquest
Starting age
Dark Age
Ending age
Imperial Age
RankedLock teamsTeams togetherTeam positionsShared explorationLock speedFull tech treeHidden civsTurbo modeCheats
Victory
Defeat
🇻🇳 Magyars · Vietnam
1751
+18
🇬🇷 Burgundians · Greece
1803
-18
THL
6:01 Loom
8:58 Feudal Age
9:28 Double-Bit Axe
21:27 Castle Age
21:10 Bloodlines
21:10 Fletching
22:22 Bodkin Arrow
25:02 Bow Saw
25:26 Husbandry
26:57 Padded Archer Armor
28:17 Wheelbarrow
28:37 Scale Barding Armor
34:58 Ballistics
36:40 Thumb Ring
37:46 Horse Collar
Dr_Sandman
3:58 Double-Bit Axe
6:08 Loom
8:56 Feudal Age
10:30 Horse Collar
13:51 Bow Saw
17:49 Fletching
18:50 Wheelbarrow
22:46 Castle Age
21:27 Padded Archer Armor
21:20 Gold Mining
21:33 Heavy Plow
22:40 Scale Barding Armor
23:24 Gold Shaft Mining
22:52 Elite Skirmisher
23:28 Bodkin Arrow
25:07 Leather Archer Armor
26:51 Husbandry
27:12 Cavalier
32:11 Ballistics
32:25 Chain Barding Armor
35:22 Stone Mining
36:33 Forging
Connection lost

Rejoining the realm…

Still unreachable

The connection could not be restored.

Session expired

The server has moved on; the page needs a fresh start.